2678 views
Uploaded 2020-01-16 20:52:46
Game version 1.32.0.5
22:35 long 4on4 ladder game on (8)Battleground_LV
Saved by BEARAND
2678 views
Uploaded 2020-01-16 20:52:46
Game version 1.32.0.5
22:35 long 4on4 ladder game on (8)Battleground_LV


203 units @ 28.2k
/ 2.5k
81 buildings @ 10.4k
/ 3.7k

| Acolyte | 13 | 975 | / | 0 |
| Ghoul | 4 | 480 | / | 0 |
| Crypt Fiend | 10 | 2150 | / | 400 |
| Gargoyle | 19 | 3325 | / | 570 |
| total: | 46 | 6930g | / | 970w |
| Spirit Tower | 7 | 1015 | / | 280 |
| Crypt | 2 | 400 | / | 100 |
| Ziggurat | 14 | 2100 | / | 700 |
| Altar of Darkness | 1 | 180 | / | 50 |
| Graveyard | 1 | 215 | / | 0 |
| Halls of the Dead | 1 | 320 | / | 210 |
| Black Citadel | 1 | 325 | / | 230 |
| total: | 18 | 2895g | / | 850w |
| 0:08 | Acolyte |
| 0:08 | Acolyte |
| 0:09 | Acolyte |
| 0:18 | Crypt |
| 0:24 | Ziggurat |
| 0:48 | Altar of Darkness |
| 1:13 | Graveyard |
| 1:24 | Ghoul |
| 1:37 | Ziggurat |
| 1:52 | Ghoul |
| 2:05 | Ghoul |
| 2:21 | Ghoul |
| 2:40 | Crypt Fiend |
| 2:59 | Ziggurat |
| 3:16 | Crypt Fiend |
| 3:43 | Death Coil |
| 4:24 | Crypt Fiend |
| 4:25 | Crypt Fiend |
| 4:33 | Ziggurat |
| 5:21 | Crypt Fiend |
| 5:24 | Halls of the Dead |
| 5:26 | Crypt Fiend |
| 5:38 | Creature Attack |
| 6:24 | Spirit Tower |
| 6:26 | Spirit Tower |
| 6:48 | Crypt Fiend |
| 6:58 | Ziggurat |
| 8:51 | Web |
| 8:52 | Crypt Fiend |
| 8:52 | Crypt Fiend |
| 8:52 | Crypt Fiend |
| 8:54 | Improved Creature Attack |
| 9:58 | Unholy Aura |
| 10:45 | Acolyte |
| 10:46 | Acolyte |
| 10:46 | Acolyte |
| 10:47 | Acolyte |
| 10:47 | Acolyte |
| 10:54 | Creature Carapace |
| 11:31 | Ziggurat |
| 12:27 | Death Coil |
| 13:05 | Ziggurat |
| 13:19 | Gargoyle |
| 13:19 | Gargoyle |
| 13:19 | Gargoyle |
| 13:19 | Gargoyle |
| 13:20 | Gargoyle |
| 13:27 | Acolyte |
| 13:27 | Acolyte |
| 13:50 | Gargoyle |
| 13:57 | Crypt |
| 14:31 | Black Citadel |
| 14:43 | Ziggurat |
| 14:46 | Ziggurat |
| 14:49 | Ziggurat |
| 15:12 | Gargoyle |
| 15:12 | Gargoyle |
| 15:54 | Gargoyle |
| 15:55 | Gargoyle |
| 16:10 | Spirit Tower |
| 16:33 | Spirit Tower |
| 16:37 | Spirit Tower |
| 16:55 | Acolyte |
| 16:55 | Acolyte |
| 16:56 | Acolyte |
| 17:11 | Ziggurat |
| 18:17 | Ziggurat |
| 18:44 | Spirit Tower |
| 18:53 | Ziggurat |
| 18:59 | Ziggurat |
| 19:19 | Stone Form |
| 19:20 | Gargoyle |
| 19:20 | Gargoyle |
| 19:20 | Gargoyle |
| 19:21 | Gargoyle |
| 19:21 | Gargoyle |
| 19:55 | Spirit Tower |
| 20:20 | Gargoyle |
| 20:20 | Gargoyle |
| 20:20 | Gargoyle |
| 20:20 | Gargoyle |
| Right click | 440 |
| Select group | 143 |
| Select | 125 |
| Build/train/purchase | 71 |
| Misc. action | 14 |
| Assign group | 13 |
| Use ability | 9 |
| Esc | 1 |


| Peasant | 10 | 750 | / | 0 |
| Footman | 30 | 4050 | / | 0 |
| Rifleman | 13 | 2665 | / | 390 |
| total: | 53 | 7465g | / | 390w |
| Altar of Kings | 1 | 180 | / | 50 |
| Barracks | 2 | 320 | / | 120 |
| Farm | 8 | 640 | / | 160 |
| Blacksmith | 1 | 140 | / | 60 |
| Keep | 1 | 320 | / | 210 |
| total: | 12 | 1280g | / | 390w |
| 0:17 | Altar of Kings |
| 0:20 | Peasant |
| 0:20 | Peasant |
| 0:41 | Barracks |
| 1:01 | Peasant |
| 1:17 | Farm |
| 1:37 | Peasant |
| 1:50 | Footman |
| 2:05 | Farm |
| 2:22 | Barracks |
| 2:44 | Blizzard |
| 3:06 | Farm |
| 3:10 | Footman |
| 4:26 | Footman |
| 4:28 | Footman |
| 4:29 | Footman |
| 4:32 | Footman |
| 4:53 | Footman |
| 4:55 | Footman |
| 5:01 | Peasant |
| 5:01 | Peasant |
| 5:06 | Farm |
| 6:51 | Footman |
| 6:55 | Footman |
| 6:55 | Footman |
| 6:57 | Footman |
| 6:59 | Footman |
| 7:01 | Footman |
| 7:02 | Footman |
| 7:04 | Footman |
| 7:17 | Farm |
| 7:33 | Keep |
| 9:53 | Footman |
| 9:54 | Footman |
| 9:56 | Footman |
| 9:57 | Footman |
| 10:07 | Blacksmith |
| 10:19 | Peasant |
| 10:38 | Footman |
| 10:40 | Footman |
| 10:42 | Footman |
| 10:44 | Footman |
| 11:03 | Footman |
| 11:05 | Footman |
| 11:36 | Farm |
| 11:41 | Farm |
| 13:38 | Footman |
| 13:42 | Footman |
| 14:03 | Iron Forged Swords |
| 14:03 | Black Gunpowder |
| 14:04 | Studded Leather Armor |
| 14:05 | Iron Plating |
| 14:08 | Rifleman |
| 14:09 | Rifleman |
| 14:13 | Rifleman |
| 14:13 | Rifleman |
| 14:27 | Peasant |
| 14:27 | Peasant |
| 14:42 | Farm |
| 15:12 | Rifleman |
| 15:13 | Rifleman |
| 16:00 | Peasant |
| 18:33 | Footman |
| 18:34 | Rifleman |
| 18:34 | Rifleman |
| 18:34 | Rifleman |
| 18:34 | Rifleman |
| 18:38 | Rifleman |
| 18:38 | Rifleman |
| 18:56 | Steel Forged Swords |
| 19:33 | Thunder Clap |
| 19:41 | Rifleman |
| 19:41 | Footman |
| Right click | 149 |
| Select | 146 |
| Build/train/purchase | 63 |
| Use ability | 18 |
| Assign group | 3 |
| Select group | 3 |
| Misc. action | 2 |
| Esc | 1 |

| Orb of Corruption | 1 | 375 |
| total: | 1 | 375g |
| Acolyte | 14 | 1050 | / | 0 |
| Ghoul | 13 | 1560 | / | 0 |
| Necromancer | 6 | 870 | / | 120 |
| Abomination | 5 | 1200 | / | 350 |
| Meat Wagon | 1 | 230 | / | 50 |
| total: | 39 | 4910g | / | 520w |
| Nerubian Tower | 2 | 200 | / | 40 |
| Spirit Tower | 3 | 435 | / | 120 |
| Altar of Darkness | 1 | 180 | / | 50 |
| Ziggurat | 9 | 1350 | / | 450 |
| Crypt | 2 | 400 | / | 100 |
| Graveyard | 1 | 215 | / | 0 |
| Necropolis | 1 | 225 | / | 0 |
| Tomb of Relics | 1 | 130 | / | 30 |
| Temple of the Damned | 2 | 310 | / | 280 |
| Slaughterhouse | 3 | 420 | / | 405 |
| Halls of the Dead | 1 | 320 | / | 210 |
| Black Citadel | 1 | 325 | / | 230 |
| total: | 20 | 3230g | / | 1315w |
| 0:29 | Acolyte |
| 0:29 | Acolyte |
| 0:49 | Altar of Darkness |
| 0:52 | Ziggurat |
| 1:00 | Crypt |
| 1:09 | Acolyte |
| 1:29 | Ziggurat |
| 2:02 | Ghoul |
| 2:14 | Crypt |
| 2:18 | Ghoul |
| 2:29 | Ghoul |
| 2:40 | Cannibalize |
| 3:00 | Unholy Aura |
| 3:06 | Ghoul |
| 3:15 | Nerubian Tower |
| 3:33 | Ghoul |
| 3:35 | Acolyte |
| 3:57 | Graveyard |
| 4:02 | Ghoul |
| 4:23 | Ghoul |
| 4:56 | Halls of the Dead |
| 6:25 | Ziggurat |
| 6:27 | Ziggurat |
| 6:32 | Ziggurat |
| 6:35 | Ziggurat |
| 7:20 | Unholy Strength |
| 7:27 | Spirit Tower |
| 7:28 | Spirit Tower |
| 7:34 | Acolyte |
| 8:44 | Temple of the Damned |
| 8:52 | Temple of the Damned |
| 9:08 | Death Coil |
| 9:41 | Ghoul |
| 9:41 | Ghoul |
| 10:14 | Acolyte |
| 10:14 | Acolyte |
| 10:14 | Acolyte |
| 10:14 | Acolyte |
| 10:19 | Skeletal Mastery |
| 10:20 | Necromancer Adept Training |
| 10:27 | Necropolis |
| 10:33 | Ghoul |
| 10:33 | Ghoul |
| 10:35 | Unholy Armor |
| 10:57 | Necromancer |
| 10:57 | Necromancer |
| 11:11 | Improved Unholy Strength |
| 11:26 | Ziggurat |
| 11:31 | Ziggurat |
| 11:36 | Ziggurat |
| 12:00 | Acolyte |
| 12:00 | Acolyte |
| 12:00 | Acolyte |
| 12:00 | Acolyte |
| 12:00 | Acolyte |
| 12:28 | Spirit Tower |
| 12:30 | Nerubian Tower |
| 13:06 | Tomb of Relics |
| 13:17 | Necromancer |
| 13:17 | Necromancer |
| 13:19 | Ghoul |
| 13:19 | Ghoul |
| 13:41 | Black Citadel |
| 15:10 | Necromancer |
| 15:11 | Necromancer |
| 15:34 | Slaughterhouse |
| 15:38 | Slaughterhouse |
| 16:43 | Abomination |
| 16:45 | Abomination |
| 17:24 | Abomination |
| 17:42 | Slaughterhouse |
| 17:51 | Disease Cloud |
| 18:05 | Abomination |
| 18:22 | Orb of Corruption |
| 18:47 | Abomination |
| 18:55 | Exhume Corpses |
| 19:01 | Meat Wagon |
| Right click | 450 |
| Select | 223 |
| Build/train/purchase | 62 |
| Assign group | 14 |
| Misc. action | 12 |
| Use ability | 8 |
| Minimap ping | 5 |
| Select group | 2 |


| Scroll of Regeneration | 2 | 200 |
| Lesser Clarity Potion | 3 | 210 |
| total: | 5 | 410g |
| Peasant | 22 | 1650 | / | 0 |
| Footman | 18 | 2430 | / | 0 |
| Rifleman | 16 | 3280 | / | 480 |
| Spell Breaker | 3 | 645 | / | 90 |
| Priest | 3 | 405 | / | 30 |
| Sorceress | 3 | 465 | / | 60 |
| total: | 65 | 8875g | / | 660w |
| Scout Tower | 6 | 180 | / | 120 |
| Arcane Tower | 1 | 70 | / | 50 |
| Guard Tower | 5 | 350 | / | 250 |
| Altar of Kings | 1 | 180 | / | 50 |
| Farm | 17 | 1360 | / | 340 |
| Barracks | 1 | 160 | / | 60 |
| Arcane Vault | 1 | 130 | / | 30 |
| Lumber Mill | 1 | 120 | / | 0 |
| Town Hall | 1 | 385 | / | 205 |
| Blacksmith | 1 | 140 | / | 60 |
| Arcane Sanctum | 2 | 300 | / | 280 |
| Keep | 1 | 320 | / | 210 |
| total: | 31 | 2955g | / | 1145w |
| 0:04 | Peasant |
| 0:05 | Peasant |
| 0:05 | Peasant |
| 0:13 | Altar of Kings |
| 0:24 | Farm |
| 0:36 | Scout Tower |
| 0:42 | Peasant |
| 0:47 | Peasant |
| 1:05 | Arcane Tower |
| 1:11 | Farm |
| 1:16 | Peasant |
| 1:17 | Peasant |
| 1:31 | Peasant |
| 1:52 | Barracks |
| 2:04 | Farm |
| 2:23 | Summon Water Elemental |
| 2:51 | Arcane Vault |
| 2:58 | Footman |
| 2:58 | Footman |
| 2:58 | Footman |
| 2:59 | Footman |
| 2:59 | Footman |
| 3:13 | Farm |
| 3:45 | Footman |
| 4:05 | Farm |
| 4:09 | Scroll of Regeneration |
| 4:09 | Scroll of Regeneration |
| 4:10 | Lesser Clarity Potion |
| 4:10 | Lesser Clarity Potion |
| 4:50 | Footman |
| 4:51 | Footman |
| 5:30 | Footman |
| 5:30 | Footman |
| 5:31 | Footman |
| 5:31 | Footman |
| 6:09 | Brilliance Aura |
| 6:24 | Footman |
| 6:33 | Lumber Mill |
| 6:55 | Peasant |
| 6:55 | Peasant |
| 6:55 | Peasant |
| 6:57 | Footman |
| 7:13 | Town Hall |
| 8:01 | Footman |
| 8:01 | Footman |
| 9:09 | Keep |
| 9:48 | Blacksmith |
| 10:09 | Improved Masonry |
| 10:19 | Footman |
| 10:19 | Footman |
| 10:26 | Lesser Clarity Potion |
| 10:36 | Rifleman |
| 10:37 | Rifleman |
| 10:37 | Rifleman |
| 10:37 | Rifleman |
| 10:38 | Rifleman |
| 10:59 | Scout Tower |
| 11:02 | Scout Tower |
| 11:04 | Scout Tower |
| 11:05 | Scout Tower |
| 11:07 | Scout Tower |
| 11:24 | Rifleman |
| 11:30 | Advanced Masonry |
| 11:33 | Black Gunpowder |
| 11:37 | Long Rifles |
| 11:49 | Guard Tower |
| 11:52 | Guard Tower |
| 12:34 | Guard Tower |
| 12:44 | Guard Tower |
| 12:54 | Flame Strike |
| 13:05 | Rifleman |
| 13:06 | Rifleman |
| 13:18 | Guard Tower |
| 13:29 | Arcane Sanctum |
| 13:37 | Arcane Sanctum |
| 14:14 | Rifleman |
| 14:14 | Rifleman |
| 14:14 | Rifleman |
| 14:14 | Rifleman |
| 14:36 | Peasant |
| 14:36 | Peasant |
| 14:36 | Peasant |
| 14:36 | Peasant |
| 14:40 | Improved Lumber Harvesting |
| 14:45 | Spell Breaker |
| 14:45 | Priest |
| 14:46 | Sorceress |
| 14:50 | Priest |
| 15:11 | Peasant |
| 15:12 | Peasant |
| 15:12 | Peasant |
| 15:12 | Peasant |
| 15:12 | Peasant |
| 15:12 | Peasant |
| 15:12 | Peasant |
| 16:05 | Sorceress |
| 16:06 | Spell Breaker |
| 16:06 | Priest |
| 16:24 | Spell Breaker |
| 16:27 | Iron Plating |
| 17:12 | Sorceress |
| 17:12 | Magic Sentry |
| 17:13 | Priest Adept Training |
| 17:14 | Sorceress Adept Training |
| 17:42 | Farm |
| 17:43 | Farm |
| 17:44 | Farm |
| 17:46 | Farm |
| 17:47 | Farm |
| 17:48 | Farm |
| 17:49 | Farm |
| 17:51 | Farm |
| 17:52 | Farm |
| 18:13 | Rifleman |
| 18:14 | Rifleman |
| 19:03 | Farm |
| 19:08 | Farm |
| 19:09 | Farm |
| 19:23 | Rifleman |
| 19:24 | Rifleman |
| Select | 230 |
| Right click | 203 |
| Build/train/purchase | 105 |
| Use ability | 8 |
| Remove unit | 2 |
84 units @ 6.3k
/ 0.1k
198 buildings @ 17.1k
/ 9.4k
BEARAND
(22:42) : 


| Scroll of Regeneration | 1 | 100 |
| Potion of Healing | 1 | 150 |
| Staff of Sanctuary | 2 | 500 |
| Staff of Teleportation | 2 | 300 |
| Boots of Speed | 3 | 750 |
| Periapt of Vitality | 1 | 325 |
| Healing Salve | 1 | 100 |
| total: | 11 | 2225g |
| Peasant | 17 | 1275 | / | 0 |
| Priest | 2 | 270 | / | 20 |
| total: | 19 | 1545g | / | 20w |
| Scout Tower | 31 | 930 | / | 620 |
| Arcane Tower | 2 | 140 | / | 100 |
| Guard Tower | 19 | 1330 | / | 950 |
| Altar of Kings | 1 | 180 | / | 50 |
| Farm | 4 | 320 | / | 80 |
| Lumber Mill | 1 | 120 | / | 0 |
| Town Hall | 1 | 385 | / | 205 |
| Arcane Vault | 2 | 260 | / | 60 |
| Arcane Sanctum | 1 | 150 | / | 140 |
| Keep | 1 | 320 | / | 210 |
| Castle | 1 | 360 | / | 210 |
| total: | 41 | 2345g | / | 1155w |
| 0:01 | Peasant |
| 0:01 | Peasant |
| 0:10 | Altar of Kings |
| 0:17 | Farm |
| 0:19 | Peasant |
| 0:29 | Peasant |
| 0:33 | Farm |
| 0:36 | Scout Tower |
| 0:44 | Peasant |
| 0:48 | Peasant |
| 1:02 | Peasant |
| 1:05 | Lumber Mill |
| 1:09 | Peasant |
| 1:24 | Peasant |
| 1:26 | Scout Tower |
| 1:37 | Peasant |
| 1:39 | Arcane Tower |
| 1:53 | Peasant |
| 1:57 | Peasant |
| 2:00 | Scout Tower |
| 2:01 | Scout Tower |
| 2:04 | Scout Tower |
| 2:07 | Guard Tower |
| 2:12 | Blizzard |
| 2:28 | Peasant |
| 2:41 | Guard Tower |
| 2:43 | Improved Masonry |
| 3:06 | Brilliance Aura |
| 3:29 | Keep |
| 3:33 | Guard Tower |
| 3:34 | Scout Tower |
| 3:35 | Scout Tower |
| 3:41 | Staff of Teleportation |
| 3:43 | Boots of Speed |
| 3:54 | Farm |
| 3:59 | Farm |
| 5:04 | Town Hall |
| 5:14 | Scout Tower |
| 5:14 | Scout Tower |
| 5:15 | Scout Tower |
| 5:16 | Scout Tower |
| 5:17 | Scout Tower |
| 5:18 | Scout Tower |
| 5:18 | Scout Tower |
| 5:18 | Scout Tower |
| 6:07 | Guard Tower |
| 6:08 | Scout Tower |
| 6:09 | Scout Tower |
| 6:09 | Scout Tower |
| 6:09 | Scout Tower |
| 6:10 | Scout Tower |
| 6:10 | Scout Tower |
| 6:34 | Arcane Tower |
| 6:35 | Guard Tower |
| 6:36 | Scout Tower |
| 6:37 | Scout Tower |
| 6:38 | Scout Tower |
| 6:39 | Scout Tower |
| 7:02 | Blizzard |
| 7:06 | Castle |
| 7:16 | Storm Bolt |
| 7:28 | Guard Tower |
| 7:29 | Guard Tower |
| 7:31 | Scout Tower |
| 7:32 | Improved Lumber Harvesting |
| 7:43 | Boots of Speed |
| 7:57 | Guard Tower |
| 8:06 | Guard Tower |
| 8:06 | Scout Tower |
| 8:08 | Peasant |
| 8:08 | Peasant |
| 8:09 | Peasant |
| 8:09 | Peasant |
| 9:10 | Arcane Sanctum |
| 9:11 | Advanced Masonry |
| 9:14 | Guard Tower |
| 9:27 | Scroll of Regeneration |
| 9:33 | Potion of Healing |
| 9:35 | Guard Tower |
| 9:36 | Guard Tower |
| 9:41 | Guard Tower |
| 9:42 | Scout Tower |
| 9:42 | Scout Tower |
| 9:43 | Scout Tower |
| 9:43 | Scout Tower |
| 9:50 | Arcane Vault |
| 9:57 | Arcane Vault |
| 10:04 | Healing Salve |
| 10:24 | Magic Sentry |
| 10:24 | Priest |
| 10:27 | Staff of Sanctuary |
| 10:39 | Staff of Sanctuary |
| 11:02 | Imbued Masonry |
| 11:05 | Holy Light |
| 11:29 | Boots of Speed |
| 11:29 | Staff of Teleportation |
| 11:50 | Periapt of Vitality |
| 12:18 | Bash |
| 13:08 | Priest |
| 13:09 | Advanced Lumber Harvesting |
| 14:14 | Divine Shield |
| 14:17 | Brilliance Aura |
| 16:05 | Guard Tower |
| 16:05 | Guard Tower |
| 16:36 | Storm Bolt |
| 18:24 | Holy Light |
| Right click | 2007 |
| Select | 527 |
| Select group | 453 |
| Chat | 128 |
| Build/train/purchase | 97 |
| Use ability | 76 |
| Misc. action | 13 |
| Assign group | 12 |
| Minimap ping | 6 |
| Item give/drop | 5 |
| Resource trade | 5 |
| Remove unit | 1 |
| Esc | 1 |


| Healing Salve | 3 | 300 |
| Lesser Clarity Potion | 2 | 140 |
| Boots of Speed | 2 | 500 |
| Staff of Teleportation | 1 | 150 |
| total: | 8 | 1090g |
| Peon | 19 | 1425 | / | 0 |
| Troll Batrider | 1 | 160 | / | 40 |
| total: | 20 | 1585g | / | 40w |
| Watch Tower | 49 | 5390 | / | 3920 |
| Altar of Storms | 1 | 180 | / | 50 |
| Orc Burrow | 3 | 480 | / | 120 |
| War Mill | 1 | 205 | / | 0 |
| Voodoo Lounge | 4 | 520 | / | 120 |
| Great Hall | 1 | 385 | / | 185 |
| Beastiary | 6 | 870 | / | 840 |
| Stronghold | 1 | 315 | / | 190 |
| Fortress | 1 | 325 | / | 190 |
| total: | 65 | 8030g | / | 5235w |
| 0:02 | Peon |
| 0:02 | Peon |
| 0:05 | Altar of Storms |
| 0:18 | Orc Burrow |
| 0:35 | Peon |
| 0:46 | Peon |
| 0:51 | War Mill |
| 0:56 | Peon |
| 1:06 | Voodoo Lounge |
| 1:14 | Peon |
| 1:20 | Peon |
| 1:43 | Orc Burrow |
| 1:50 | Peon |
| 2:02 | Watch Tower |
| 2:06 | Peon |
| 2:09 | Shockwave |
| 2:14 | Healing Salve |
| 2:31 | Watch Tower |
| 2:37 | Peon |
| 2:51 | Lesser Clarity Potion |
| 2:56 | Watch Tower |
| 3:00 | Peon |
| 3:09 | Watch Tower |
| 3:28 | Watch Tower |
| 3:40 | Peon |
| 3:40 | Peon |
| 3:46 | Watch Tower |
| 4:21 | Stronghold |
| 4:47 | Watch Tower |
| 4:50 | Watch Tower |
| 5:06 | Endurance Aura |
| 5:12 | Orc Burrow |
| 6:11 | Watch Tower |
| 6:13 | Watch Tower |
| 6:17 | Healing Salve |
| 6:17 | Lesser Clarity Potion |
| 6:39 | Watch Tower |
| 6:41 | Watch Tower |
| 6:47 | Boots of Speed |
| 7:54 | Voodoo Lounge |
| 7:55 | Voodoo Lounge |
| 7:57 | Voodoo Lounge |
| 8:55 | Shockwave |
| 9:10 | Boots of Speed |
| 9:10 | Staff of Teleportation |
| 9:19 | Hex |
| 9:24 | Beastiary |
| 9:28 | Beastiary |
| 9:31 | Reinforced Defenses |
| 9:43 | Healing Salve |
| 9:58 | Spiked Barricades |
| 10:01 | Fortress |
| 10:25 | Watch Tower |
| 10:27 | Watch Tower |
| 10:29 | Watch Tower |
| 10:52 | Watch Tower |
| 11:16 | Beastiary |
| 11:21 | Beastiary |
| 11:53 | Great Hall |
| 11:55 | Watch Tower |
| 11:56 | Watch Tower |
| 12:26 | Healing Wave |
| 12:41 | Watch Tower |
| 12:58 | Watch Tower |
| 13:00 | Watch Tower |
| 13:17 | Liquid Fire |
| 13:56 | Watch Tower |
| 14:04 | Endurance Aura |
| 14:34 | Healing Wave |
| 14:38 | Watch Tower |
| 14:41 | Watch Tower |
| 14:43 | Peon |
| 14:43 | Peon |
| 14:43 | Peon |
| 14:43 | Peon |
| 15:08 | Watch Tower |
| 15:12 | Steel Ranged Weapons |
| 15:12 | Steel Armor |
| 15:13 | Improved Spiked Barricades |
| 15:15 | Beastiary |
| 15:16 | Beastiary |
| 15:45 | Watch Tower |
| 15:54 | Watch Tower |
| 16:21 | Watch Tower |
| 16:55 | Watch Tower |
| 16:57 | Watch Tower |
| 17:29 | Watch Tower |
| 17:59 | Watch Tower |
| 18:04 | Watch Tower |
| 18:28 | Peon |
| 18:28 | Peon |
| 18:36 | Watch Tower |
| 19:03 | Watch Tower |
| 19:04 | Watch Tower |
| 19:06 | Watch Tower |
| 19:07 | Watch Tower |
| 19:43 | Watch Tower |
| 20:07 | Watch Tower |
| 20:09 | Watch Tower |
| 20:13 | Watch Tower |
| 20:16 | Watch Tower |
| 20:48 | Troll Batrider |
| 20:52 | Thorium Ranged Weapons |
| 20:52 | Thorium Armor |
| 21:00 | Watch Tower |
| 21:11 | Watch Tower |
| 21:15 | Watch Tower |
| 22:02 | Watch Tower |
| 22:11 | Shockwave |
| 22:16 | Hex |
| 22:18 | Watch Tower |
| 22:21 | Watch Tower |
| Right click | 1657 |
| Select | 359 |
| Select group | 318 |
| Misc. action | 95 |
| Build/train/purchase | 55 |
| Use ability | 51 |
| Assign group | 8 |
| Minimap ping | 2 |
| Item give/drop | 1 |



| Orb of Venom | 1 | 325 |
| Staff of Teleportation | 3 | 450 |
| Boots of Speed | 3 | 750 |
| Periapt of Vitality | 2 | 650 |
| Circlet of Nobility | 3 | 525 |
| total: | 12 | 2700g |
| Wisp | 27 | 1620 | / | 0 |
| total: | 27 | 1620g | / | 0w |
| Altar of Elders | 1 | 180 | / | 50 |
| Moon Well | 10 | 1800 | / | 400 |
| Tree of Life | 2 | 680 | / | 370 |
| Ancient of Wonders | 1 | 90 | / | 30 |
| Hunter's Hall | 2 | 420 | / | 200 |
| Ancient of Wind | 2 | 300 | / | 280 |
| Tree of Ages | 1 | 320 | / | 180 |
| Tree of Eternity | 1 | 330 | / | 200 |
| total: | 18 | 3470g | / | 1330w |
| 0:02 | Wisp |
| 0:02 | Wisp |
| 0:03 | Altar of Elders |
| 0:06 | Moon Well |
| 0:21 | Wisp |
| 0:40 | Moon Well |
| 0:43 | Wisp |
| 1:01 | Wisp |
| 1:01 | Wisp |
| 1:04 | Wisp |
| 1:04 | Wisp |
| 1:13 | Wisp |
| 1:31 | Wisp |
| 1:48 | Wisp |
| 1:49 | Wisp |
| 2:02 | Entangling Roots |
| 2:42 | Wisp |
| 2:42 | Wisp |
| 3:30 | Tree of Ages |
| 3:43 | Staff of Teleportation |
| 3:43 | Boots of Speed |
| 3:49 | Periapt of Vitality |
| 4:24 | Moon Well |
| 4:44 | Thorns Aura |
| 5:19 | Moon Well |
| 5:32 | Tree of Life |
| 6:00 | Tree of Eternity |
| 6:14 | Ancient of Wonders |
| 6:52 | Frost Arrows |
| 8:19 | Entangling Roots |
| 9:05 | Moon Well |
| 9:06 | Moon Well |
| 9:08 | Moon Well |
| 9:13 | Mana Shield |
| 9:17 | Orb of Venom |
| 9:21 | Wisp |
| 9:22 | Wisp |
| 9:22 | Wisp |
| 9:29 | Trueshot Aura |
| 9:42 | Hunter's Hall |
| 9:44 | Hunter's Hall |
| 9:57 | Boots of Speed |
| 10:00 | Circlet of Nobility |
| 10:08 | Periapt of Vitality |
| 10:20 | Wisp |
| 10:20 | Wisp |
| 10:20 | Wisp |
| 10:22 | Wisp |
| 10:22 | Wisp |
| 10:54 | Well Spring |
| 10:55 | Ultravision |
| 11:33 | Staff of Teleportation |
| 11:33 | Boots of Speed |
| 11:48 | Circlet of Nobility |
| 12:02 | Searing Arrows |
| 12:45 | Frost Arrows |
| 13:01 | Moon Well |
| 13:04 | Moon Well |
| 13:05 | Moon Well |
| 13:48 | Thorns Aura |
| 15:12 | Trueshot Aura |
| 15:54 | Tree of Life |
| 17:14 | Circlet of Nobility |
| 17:37 | Staff of Teleportation |
| 18:44 | Mana Shield |
| 18:57 | Wisp |
| 18:57 | Wisp |
| 18:58 | Wisp |
| 18:58 | Wisp |
| 18:58 | Wisp |
| 20:49 | Ancient of Wind |
| 20:51 | Ancient of Wind |
| 22:39 | Entangling Roots |
| Right click | 1372 |
| Select group | 631 |
| Select | 197 |
| Resource trade | 95 |
| Build/train/purchase | 75 |
| Use ability | 44 |
| Minimap ping | 42 |
| Misc. action | 36 |
| Item give/drop | 9 |
| Chat | 9 |
| Assign group | 6 |
| Esc | 1 |



| Scroll of Regeneration | 1 | 100 |
| Boots of Speed | 3 | 750 |
| Staff of Teleportation | 3 | 450 |
| total: | 7 | 1300g |
| Peasant | 14 | 1050 | / | 0 |
| Priest | 4 | 540 | / | 40 |
| total: | 18 | 1590g | / | 40w |
| Scout Tower | 62 | 1860 | / | 1240 |
| Arcane Tower | 8 | 560 | / | 400 |
| Guard Tower | 24 | 1680 | / | 1200 |
| Altar of Kings | 1 | 180 | / | 50 |
| Lumber Mill | 1 | 120 | / | 0 |
| Farm | 5 | 400 | / | 100 |
| Arcane Vault | 4 | 520 | / | 120 |
| Arcane Sanctum | 1 | 150 | / | 140 |
| Keep | 1 | 320 | / | 210 |
| Castle | 1 | 360 | / | 210 |
| total: | 74 | 3230g | / | 1650w |
| 0:01 | Peasant |
| 0:04 | Altar of Kings |
| 0:15 | Peasant |
| 0:19 | Lumber Mill |
| 0:21 | Peasant |
| 0:32 | Farm |
| 0:35 | Peasant |
| 0:40 | Peasant |
| 0:59 | Peasant |
| 1:04 | Farm |
| 1:18 | Scout Tower |
| 1:21 | Peasant |
| 1:23 | Improved Masonry |
| 1:26 | Scout Tower |
| 1:29 | Peasant |
| 1:45 | Peasant |
| 1:50 | Arcane Tower |
| 1:52 | Scout Tower |
| 1:56 | Arcane Tower |
| 2:01 | Scout Tower |
| 2:05 | Blizzard |
| 2:11 | Peasant |
| 2:20 | Guard Tower |
| 2:33 | Scout Tower |
| 2:37 | Peasant |
| 2:37 | Peasant |
| 2:38 | Peasant |
| 2:44 | Guard Tower |
| 2:45 | Scout Tower |
| 2:45 | Scout Tower |
| 2:46 | Scout Tower |
| 2:46 | Scout Tower |
| 3:17 | Scout Tower |
| 3:17 | Guard Tower |
| 3:30 | Peasant |
| 3:33 | Guard Tower |
| 3:37 | Arcane Vault |
| 3:49 | Keep |
| 3:51 | Scout Tower |
| 3:52 | Scout Tower |
| 3:56 | Guard Tower |
| 4:00 | Brilliance Aura |
| 4:09 | Arcane Vault |
| 4:11 | Arcane Vault |
| 4:20 | Guard Tower |
| 4:24 | Scout Tower |
| 4:25 | Scout Tower |
| 5:02 | Scout Tower |
| 5:03 | Scout Tower |
| 5:03 | Scout Tower |
| 5:05 | Scout Tower |
| 5:06 | Scout Tower |
| 5:07 | Scout Tower |
| 5:08 | Scout Tower |
| 5:19 | Guard Tower |
| 5:22 | Scout Tower |
| 5:23 | Scout Tower |
| 5:30 | Guard Tower |
| 5:38 | Guard Tower |
| 6:13 | Farm |
| 6:17 | Guard Tower |
| 6:17 | Guard Tower |
| 6:29 | Boots of Speed |
| 6:30 | Staff of Teleportation |
| 6:47 | Guard Tower |
| 7:14 | Scout Tower |
| 7:15 | Scout Tower |
| 7:15 | Guard Tower |
| 7:44 | Arcane Tower |
| 7:48 | Scout Tower |
| 7:49 | Scout Tower |
| 8:08 | Arcane Sanctum |
| 8:34 | Blizzard |
| 8:40 | Storm Bolt |
| 9:37 | Guard Tower |
| 9:40 | Scout Tower |
| 9:41 | Scout Tower |
| 9:46 | Scout Tower |
| 9:47 | Scout Tower |
| 9:51 | Magic Sentry |
| 9:51 | Advanced Masonry |
| 9:52 | Improved Lumber Harvesting |
| 9:55 | Castle |
| 9:57 | Scroll of Regeneration |
| 10:05 | Scout Tower |
| 10:07 | Scout Tower |
| 10:08 | Scout Tower |
| 10:09 | Scout Tower |
| 10:10 | Scout Tower |
| 10:13 | Scout Tower |
| 10:14 | Scout Tower |
| 10:17 | Arcane Vault |
| 10:25 | Arcane Tower |
| 10:37 | Priest Adept Training |
| 10:53 | Guard Tower |
| 10:55 | Scout Tower |
| 10:57 | Scout Tower |
| 11:04 | Arcane Tower |
| 11:29 | Boots of Speed |
| 11:33 | Staff of Teleportation |
| 11:42 | Bash |
| 11:52 | Guard Tower |
| 11:54 | Scout Tower |
| 11:54 | Scout Tower |
| 12:53 | Guard Tower |
| 12:54 | Scout Tower |
| 12:55 | Scout Tower |
| 13:05 | Farm |
| 13:14 | Guard Tower |
| 13:16 | Imbued Masonry |
| 13:23 | Priest |
| 13:24 | Priest |
| 14:31 | Guard Tower |
| 14:32 | Guard Tower |
| 14:36 | Scout Tower |
| 14:36 | Scout Tower |
| 14:43 | Brilliance Aura |
| 14:47 | Priest |
| 15:11 | Holy Light |
| 15:30 | Boots of Speed |
| 15:31 | Staff of Teleportation |
| 15:36 | Guard Tower |
| 15:38 | Scout Tower |
| 15:42 | Scout Tower |
| 15:42 | Scout Tower |
| 17:03 | Guard Tower |
| 17:04 | Scout Tower |
| 17:05 | Scout Tower |
| 17:06 | Scout Tower |
| 18:32 | Storm Bolt |
| 18:56 | Guard Tower |
| 18:57 | Scout Tower |
| 18:57 | Scout Tower |
| 19:44 | Advanced Lumber Harvesting |
| 19:49 | Farm |
| 19:53 | Guard Tower |
| 19:55 | Scout Tower |
| 19:56 | Scout Tower |
| 19:56 | Scout Tower |
| 19:57 | Scout Tower |
| 19:57 | Scout Tower |
| 19:58 | Scout Tower |
| 19:58 | Scout Tower |
| 19:59 | Scout Tower |
| 20:55 | Priest |
| 22:01 | Divine Shield |
| Right click | 1357 |
| Select group | 1067 |
| Assign group | 470 |
| Select | 222 |
| Chat | 102 |
| Use ability | 90 |
| Build/train/purchase | 89 |
| Misc. action | 36 |
| Item give/drop | 3 |
| Remove unit | 1 |